Map: Defender's Landing LE

Players

PtitDrogo - Winner!

  • Race: Protoss Protoss
  • League: Master
  • Spawn Location: 7:00

liquidthermy (uThermal)

  • Race: Terran Terran
  • League: Master
  • Spawn Location: 1:00

Event: HomeStory Cup XV

VOD

Have the link to the VOD?

Description

Time

  • Played on: July 22, 2017, 6:08 p.m.
  • Length: 11:07

All games in this series

Show
View Real Time Build Order
Export as new Build Order

PtitDrogo Protoss - Winner!

Build Orders: 1 Gate Expand, Oracle Opening 

Get SALT Encoding   

  12  0:00  Probe (Chrono Boost)  
  13  0:11  Probe (Chrono Boost)  
  14  0:17  Pylon  
  14  0:22  Probe (Chrono Boost)  
  15  0:36  Probe (Chrono Boost), Gateway  
  16  0:46  Probe (Chrono Boost)  
  16  0:47  Assimilator  
  18  0:57  Probe (Chrono Boost)  
  18  1:07  Probe (Chrono Boost)  
  19  1:20  Nexus  
  19  1:29  Cybernetics Core  
  20  1:32  Probe (Chrono Boost)  
  20  1:38  Assimilator  
  20  1:43  Probe (Chrono Boost)  
  21  1:49  Pylon  
  21  1:53  Probe (Chrono Boost)  
  22  2:00  Warp Gate  
  22  2:04  Probe (Chrono Boost)  
  22  2:07  Adept (Chrono Boost)  
  25  2:16  Probe  
  26  2:28  Probe  
  26  2:29  Stargate  
  27  2:30  Probe  
  28  2:39  Adept (Chrono Boost)  
  28  2:40  Probe  
  28  2:41  Probe  
  32  2:51  Probe  
  32  2:52  Probe  
  34  3:02  Probe, Adept (Chrono Boost)  
  34  3:04  Probe  
  38  3:12  Oracle (Chrono Boost)  
  41  3:14  Probe  
  41  3:16  Probe  
  41  3:19  Gateway  
  43  3:21  Gateway  
  43  3:26  Probe  
  44  3:28  Probe  
  44  3:30  Pylon  
  45  3:40  Probe  
  46  3:43  Pylon  
  46  3:45  Oracle (Chrono Boost)  
  47  3:48  Probe (Chrono Boost)  
  47  3:53  Probe (Chrono Boost)  
  51  4:00  Probe (Chrono Boost)  
  52  4:03  Stalker  
  52  4:05  Pylon  
  52  4:06  Probe (Chrono Boost)  
  55  4:11  Probe (Chrono Boost)  
  57  4:18  Probe (Chrono Boost)  
  57  4:19  Stalker x2  
  61  4:27  Stalker  
  63  4:31  Nexus  
  63  4:35  Pylon  
  63  4:42  Stalker  
  63  4:47  Probe (Chrono Boost)  
  61  5:02  Oracle, Stalker x2  
  61  5:05  Probe (Chrono Boost)  
  61  5:16  Assimilator  
  61  5:18  Assimilator  
  61  5:19  Probe (Chrono Boost)  
  61  5:20  Probe (Chrono Boost)  
  59  5:29  Forge, Probe (Chrono Boost), Twilight Council  
  59  5:30  Gateway  
  59  5:31  Gateway  
  59  5:33  Probe (Chrono Boost)  
  59  5:34  Gateway  
  61  5:40  Probe (Chrono Boost)  
  62  5:44  Probe (Chrono Boost)  
  62  5:45  Probe (Chrono Boost), Robotics Facility  
  64  5:50  Probe (Chrono Boost)  
  64  5:55  Probe (Chrono Boost), Protoss Ground Weapons Level 1  
  67  5:57  Probe (Chrono Boost)  
  67  6:00  Probe (Chrono Boost)  
  68  6:04  Gateway  
  68  6:05  Probe (Chrono Boost)  
  68  6:07  Probe (Chrono Boost)  
  68  6:08  Charge (Chrono Boost)  
  68  6:09  Gateway  
  70  6:11  Probe  
  70  6:15  Probe, Phoenix (Chrono Boost)  
  74  6:19  Probe  
  74  6:23  Probe  
  76  6:27  Probe  
  76  6:29  Pylon  
  76  6:31  Assimilator  
  76  6:36  Immortal (Chrono Boost)  
  76  6:39  Zealot x3  
  85  6:40  Stalker  
  85  6:43  Zealot  
  85  6:44  Zealot  
  91  6:59  Templar Archives  
  91  7:00  Zealot x2  
  91  7:01  Zealot x2  
  99  7:06  Zealot  
  99  7:07  Pylon  
  99  7:15  Pylon  
  99  7:16  Pylon  
  99  7:25  Pylon  
  99  7:26  Zealot, Pylon  
  101  7:34  Immortal (Chrono Boost)  
  101  7:35  Zealot x4  
  101  7:36  Zealot x2  
  117  7:45  Stalker  
  109  7:52  Protoss Ground Armor Level 1, Blink  
  109  7:54  Probe  
  109  7:55  Probe  
  99  8:01  Probe  
  100  8:07  Probe x2, Assimilator  
  100  8:10  Zealot x4  
  100  8:11  Zealot  
  116  8:13  Probe  
  116  8:19  Probe, Warp Prism (Chrono Boost)  
  117  8:23  Mothership Core  
  117  8:25  Photon Cannon  
  117  8:26  Pylon  
  119  8:29  Sentry  
  119  8:31  High Templar x2  
  119  8:32  Zealot x3  
  131  8:36  Archon  
  130  8:47  Nexus  
  130  8:51  Observer (Chrono Boost), Pylon  
  131  9:04  Probe x3  
  131  9:07  High Templar x2  
  131  9:09  Pylon  
  142  9:10  Immortal (Chrono Boost)  
  142  9:11  Pylon, Archon  
  142  9:12  Pylon  
  138  9:26  Zealot x5  
  142  9:44  Zealot x3  
  146  9:46  Zealot x3  
  146  9:47  Zealot x2  
  146  9:48  Probe  
  142  10:04  Stalker x3  
  141  10:08  Probe  
  141  10:09  Probe  
  141  10:11  Probe x2  
  135  10:18  High Templar x2  
  135  10:19  Zealot, High Templar x2  
  135  10:20  Probe  
  141  10:30  Archon x2  
  135  10:43  Zealot x3  
  135  10:44  Zealot  
  135  10:46  Probe x2  
  143  10:52  Zealot  
  143  10:53  Zealot x3  
Show
View Real Time Build Order
Export as new Build Order

liquidthermy Terran 

Build Orders: Reaper Expand 

Get SALT Encoding   

  12  0:01  SCV  
  13  0:14  SCV  
  14  0:17  Supply Depot  
  14  0:26  SCV  
  14  0:27  Refinery  
  15  0:39  SCV  
  16  0:44  Barracks  
  16  0:51  SCV  
  17  1:03  SCV  
  18  1:15  SCV  
  19  1:33  Orbital Command, Reaper  
  20  1:46  Command Center  
  20  1:59  SCV  
  21  2:02  Factory  
  21  2:06  Barracks Reactor  
  21  2:11  SCV  
  22  2:16  Supply Depot  
  22  2:21  Refinery  
  22  2:23  SCV  
  23  2:37  SCV  
  23  2:43  Marine x2  
  26  2:49  Starport  
  26  2:50  SCV  
  27  2:53  Widow Mine  
  29  3:02  SCV, Orbital Command  
  29  3:04  Marine  
  31  3:07  Marine  
  32  3:14  SCV  
  33  3:22  Marine, Widow Mine  
  33  3:24  Marine  
  33  3:26  SCV  
  38  3:27  SCV  
  38  3:32  Viking  
  41  3:39  SCV, Supply Depot  
  41  3:40  SCV  
  43  3:43  Marine  
  43  3:44  Marine  
  45  3:51  SCV  
  45  3:53  Factory Tech Lab  
  46  3:57  Supply Depot  
  46  4:00  SCV, Marine  
  46  4:02  Marine  
  48  4:03  SCV  
  50  4:12  Siege Tank  
  53  4:18  Marine, Viking  
  53  4:20  Marine  
  53  4:21  SCV, Supply Depot  
  53  4:22  SCV  
  59  4:29  Engineering Bay  
  59  4:33  SCV  
  59  4:36  Marine  
  59  4:38  Marine  
  62  4:42  SCV  
  63  4:45  Siege Tank  
  63  4:48  SCV  
  63  4:49  Supply Depot  
  63  4:54  Marine  
  63  4:55  SCV  
  50  5:00  SCV  
  50  5:03  Marine  
  40  5:07  SCV, Viking  
  40  5:12  Marine, SCV  
  40  5:18  Siege Tank  
  40  5:19  SCV  
  43  5:21  Marine  
  43  5:24  SCV  
  44  5:29  Marine  
  44  5:31  SCV  
  46  5:36  SCV  
  46  5:39  Viking  
  49  5:44  SCV  
  50  5:50  Siege Tank, Marine  
  50  5:51  Marine  
  50  5:55  SCV  
  50  5:56  SCV  
  57  6:07  SCV  
  57  6:08  Marine  
  57  6:09  SCV, Marine, Viking  
  63  6:13  Supply Depot  
  63  6:20  SCV  
  63  6:21  SCV  
  63  6:22  Siege Tank  
  68  6:26  Marine  
  68  6:27  Marine  
  70  6:35  SCV  
  70  6:36  Supply Depot  
  70  6:37  SCV  
  72  6:42  Viking  
  72  6:44  Marine  
  72  6:46  Marine  
  76  6:48  SCV  
  76  6:49  Supply Depot  
  76  6:52  SCV  
  78  7:02  Marine  
  78  7:04  Bunker  
  78  7:06  Bunker  
  78  7:07  SCV  
  80  7:11  Siege Tank  
  80  7:12  SCV, Marine  
  85  7:21  Marine  
  84  7:25  SCV  
  84  7:26  Supply Depot  
  85  7:31  Viking  
  85  7:32  SCV, Marine  
  89  7:37  SCV  
  89  7:39  Bunker  
  89  7:44  Siege Tank, SCV  
  91  7:45  Supply Depot  
  91  7:49  SCV  
  92  7:51  Marine  
  92  7:55  Marine  
  92  7:56  SCV  
  74  8:08  SCV x2  
  74  8:09  Marine, Barracks  
  74  8:10  Barracks  
  76  8:13  Marine  
  76  8:17  Siege Tank  
  76  8:19  Starport Tech Lab  
  80  8:20  Terran Infantry Weapons Level 1  
  80  8:21  SCV  
  80  8:25  Refinery  
  81  8:28  Marine, Refinery  
  81  8:30  Marine  
  83  8:45  Marine  
  84  8:48  Marine  
  84  8:51  Barracks  
  84  8:52  Barracks  
  84  8:54  Starport Reactor  
  85  9:00  Factory Tech Lab  
  85  9:06  Marine x4  
  85  9:07  Combat Shields  
  89  9:19  Siege Tank  
  89  9:23  Command Center  
  89  9:24  Marine x2  
  93  9:27  Marine  
  93  9:30  Marine  
  90  9:32  Medivac  
  79  9:41  Marine  
  79  9:42  Marine x2  
  79  9:43  Marine, Medivac  
  79  9:45  Marine  
  76  9:47  Marine  
  76  9:50  Orbital Command  
  74  9:55  Siege Tank  
  74  9:59  Marine  
  76  10:00  Marine x3  
  76  10:03  Marine  
  76  10:05  Marine  
  66  10:17  Marine  
  66  10:18  Marine x3  
  66  10:20  Medivac  
  71  10:23  Marine  
  71  10:29  Marine  
  70  10:36  Marine  
  71  10:46  Marine x2  
Tags
 
Add a new tag
Caveats
  • Supply blocks, unpowered buildings, or Contaminate may cause inaccurate times.
  • Supply counts are checked every 10 seconds.